 Dungeon Crawl Stone Soup version 0.25-a0-705-ge9988fc0fb (webtiles) character file.

Game seed: 4529178844139680793, levelgen mode: deterministic

4773 Mehrunes the Chiller (level 10, -4/75 HPs)
             Began as a Mummy Ice Elementalist on Apr 4, 2020.
             Was a Priest of Sif Muna.
             Slain by a black mamba (12 damage)
             ... on level 9 of the Dungeon.
             The game lasted 00:46:54 (12865 turns).

Mehrunes the Chiller (Mummy Ice Elementalist)      Turns: 12865, Time: 00:46:54

Health: -4/75      AC:  9    Str: 14    XL:     10   Next: 23%
Magic:  10/14      EV: 11    Int: 16    God:    Sif Muna [***...]
Gold:   517        SH:  0    Dex: 12    Spells: 3/14 levels left

rFire    . . .     SeeInvis .   w - +2 whip (elec)
rCold    + . .     Gourm    .   (no shield)
rNeg     + + +     Faith    .   p - +0 ring mail
rPois    ∞         Spirit   .   C - +1 hat
rElec    .         Reflect  .   (no cloak)
rCorr    .         Harm     .   (no gloves)
MR       +....                  m - +1 pair of boots
Stlth    +.........             (no amulet)
HPRegen  0.22/turn              u - ring of fire
MPRegen  0.14/turn              A - ring of protection from cold

@: about to teleport
A: no food or potions, fire vulnerability, cold resistance 1, negative energy
resistance 3, torment resistance, unbreathing
a: Channel Magic, Forget Spell, Renounce Religion


You were on level 9 of the Dungeon.
You worshipped Sif Muna.
Sif Muna was most pleased with you.
You were not hungry.

You visited 3 branches of the dungeon, and saw 11 of its levels.

You collected 517 gold pieces.

Inventory:

Hand Weapons
 c - a +0 short sword
 g - a +6 club
 i - a +1 whip of venom
 l - a +1 war axe of electrocution
 r - a +1 whip of freezing
 w - a +2 whip of electrocution (weapon)
Missiles
 d - a throwing net (quivered)
Armour
 a - a +0 robe
 m - a +1 pair of boots (worn)
 p - a +0 ring mail (worn)
 C - a +1 hat (worn)
Magical Staves
 F - an uncursed staff of earth {unknown}
Jewellery
 f - an uncursed amulet of guardian spirit
 u - a ring of fire (left hand)
 A - a ring of protection from cold (right hand)
 G - an uncursed ring of fire
Wands
 j - a wand of random effects (20)
 k - a wand of scattershot (6)
 q - a wand of digging (3)
 s - a wand of iceblast (7)
 B - a wand of enslavement (9)
Scrolls
 b - 6 scrolls of teleportation
 e - 2 scrolls of blinking
 h - 4 scrolls of remove curse
 n - 2 scrolls of random uselessness {unknown}
 o - a scroll of fog
 t - a scroll of immolation {unknown}
 v - a scroll of acquirement {unknown}
 x - a scroll of fear
 y - a scroll of magic mapping {unknown}
 z - 2 scrolls of identify
 D - a scroll of vulnerability {unknown}
 E - a scroll of enchant weapon {unknown}


   Skills:
 - Level 5.6 Fighting
 - Level 5.4(5.9) Axes
 + Level 3.5(5.0) Maces & Flails
 - Level 5.0 Armour
 - Level 3.0 Dodging
 - Level 1.5 Stealth
 - Level 2.6 Spellcasting
 * Level 5.1 Summonings
 - Level 6.3 Ice Magic


You had 3 spell levels left.
You knew the following spells:

 Your Spells              Type           Power        Failure   Level  Hunger
a - Freeze                Ice            ###.         2%          1    N/A
b - Frozen Ramparts       Ice            ###...       9%          3    N/A
c - Ozocubu's Armour      Chrm/Ice       ##......     30%         3    N/A
d - Summon Ice Beast      Ice/Summ       ###.....     34%         4    N/A

Your spell library contained the following spells:

 Spells                   Type           Power        Failure   Level  Hunger
 Hailstorm                Conj/Ice       ##......     71%         4    N/A

Dungeon Overview and Level Annotations

Branches:
Dungeon (9/15)             Temple (1/1) D:4            Lair (1/6) D:9
    Orc: D:9-12

Altars:
Ashenzari
Cheibriados
Dithmenos
Elyvilon
Fedhas
Gozag
Kikubaaqudgha
Makhleb
Nemelex Xobeh
Okawaru
Qazlal
Ru
Sif Muna
Trog
Uskayaw
Vehumet
Wu Jian
Xom
Yredelemnul
Zin
The Shining One
Lugonu

Annotations:
D:6 exclusion: oklob plant
D:9 Maggie


Innate Abilities, Weirdness & Mutations

You do not eat or drink.
Your flesh is vulnerable to fire.
You are immune to poison.
Your flesh is cold resistant. (rC+)
You are immune to negative energy. (rN+++)
You are immune to unholy pain and torment.
You can survive without breathing.


Message History

The black mamba bites you but does no damage.
The black mamba bites you! The black mamba bites you!
Your ice beast hits the black mamba but does no damage.
The black mamba bites you but does no damage.
The black mamba closely misses you.
You climb upwards.
Welcome back to the Dungeon!
Level annotation: Maggie
There is a staircase to the Lair here.
Press: ? - help, v - describe, . - travel
Here: a black mamba The floor.
As you read the scroll of teleportation, it crumbles to dust.
You feel strangely unstable. The black mamba barely misses you.
The black mamba bites you!
* * * LOW HITPOINT WARNING * * *
The black mamba bites you!
* * * LOW HITPOINT WARNING * * *
The black mamba bites you!
You die...

##)....# .. ##(##...#
###.......
###.......###.#.%.....
#......#...##...!.....
#......###............
##.##...###...........
#...##...##..........
♣...♣##..........#
.......#......†S@####.
.>.♣.<.#.........S......
.......#................
#♣.>.♣##.....%....######
#...# #...##..88.88
#####.....#...8#+#8#
#.....#..8# 8#
###....##8# # . .


88 You could see 2 black mambas.

Vanquished Creatures
  A two-headed ogre (D:8)
  Pikel (D:5)
  Grinder (D:3)
  4 orc warriors
  2 sky beasts
  4 slaves
  An ice beast (D:6)
  A phantom (D:7)
  2 ogres
  A centaur (D:7)
  3 big kobolds
  2 bullfrogs (D:7)
  2 wyvern skeletons
  3 scorpions
  8 wights
  A howler monkey (D:7)
  8 crimson imps
  7 hounds
  A quasit (D:9)
  3 jellies
  4 orc priests
  A bullfrog skeleton (D:9)
  Jessica (D:3)
  2 iguanas
  8 orc wizards
  9 worker ants
  A hound zombie (D:7)
  A worker ant zombie (D:5)
  3 gnolls (D:3)
  9 adders
  A shadow imp (D:8)
  An adder zombie (D:7)
  An adder skeleton (D:6)
  2 dart slugs (D:1)
  3 leopard geckos
  28 orcs
  8 giant cockroaches
  4 goblins
  4 hobgoblins
  14 jackals
  6 quokkas
  A ball python (D:6)
  5 bats
  4 frilled lizards
  22 kobolds
  A leopard gecko skeleton (D:5)
  A quokka zombie (D:5)
  13 rats
214 creatures vanquished.

Vanquished Creatures (others)
  16 toadstools (D:6)
16 creatures vanquished.

Grand Total: 230 creatures vanquished

Notes
Turn   | Place    | Note
-------+----------+-------------------------------------------
     0 | D:1      | Mehrunes the Mummy Ice Elementalist began the quest for the
                  | Orb.
     0 | D:1      | Reached XP level 1. HP: 13/13 MP: 4/4
   494 | D:1      | Reached XP level 2. HP: 16/20 MP: 0/5
   964 | D:1      | Reached skill level 1 in Fighting
  2077 | D:2      | Reached XP level 3. HP: 18/26 MP: 0/7
  2173 | D:2      | Found a snail-covered altar of Cheibriados.
  2300 | D:2      | Reached skill level 4 in Ice Magic
  2395 | D:2      | Learned a level 3 spell: Frozen Ramparts
  2658 | D:2      | Found a bloodstained altar of Trog.
  2691 | D:2      | Found a basalt altar of Yredelemnul.
  2793 | D:2      | Learned a level 3 spell: Ozocubu's Armour
  3075 | D:2      | Reached XP level 4. HP: 32/33 MP: 4/8
  3272 | D:3      | Noticed Jessica
  3292 | D:3      | Killed Jessica
  3588 | D:3      | Noticed Grinder
  3592 | D:3      | Paralysed by Grinder for 7 turns
  3989 | D:4      | Found a burning altar of Makhleb.
  3990 | D:4      | Found a shimmering altar of Xom.
  4003 | D:4      | Reached XP level 5. HP: 26/38 MP: 5/9
  4148 | D:4      | Found a staircase to the Ecumenical Temple.
  4312 | D:4      | Found a staircase to the Ecumenical Temple.
  4346 | D:4      | Found a burning altar of Makhleb.
  4347 | D:4      | Found a shimmering altar of Xom.
  4657 | D:5      | Entered Level 5 of the Dungeon
  4661 | D:5      | Noticed an orc warrior
  4706 | D:5      | Reached skill level 1 in Maces & Flails
  4788 | D:5      | Noticed a slave
  4788 | D:5      | Noticed a slave
  4788 | D:5      | Noticed a slave
  4788 | D:5      | Noticed a slave
  4788 | D:5      | Noticed Pikel
  4801 | D:4      | Killed a slave
  5075 | D:5      | Found a glowing silver altar of Zin.
  5178 | D:5      | Found a glowing golden altar of the Shining One.
  5180 | D:5      | Found a white marble altar of Elyvilon.
  5257 | D:5      | Reached skill level 5 in Ice Magic
  5257 | D:5      | Reached XP level 6. HP: 39/44 MP: 4/10
  5338 | D:5      | Reached skill level 1 in Axes
  5539 | D:4      | Killed an orc warrior
  5686 | D:5      | Reached XP level 7. HP: 50/50 MP: 7/11
  5752 | D:5      | Found a sacrificial altar of Ru.
  5950 | D:5      | Reached skill level 1 in Armour
  6468 | D:5      | Killed Pikel
  6468 | D:5      | Reached skill level 6 in Ice Magic
  6468 | D:5      | Reached XP level 8. HP: 18/56 MP: 1/12
  7074 | Temple   | Entered the Ecumenical Temple
  7119 | Temple   | Became a worshipper of Sif Muna the Loreminder
  8151 | D:6      | Found a blossoming altar of Fedhas.
  8163 | D:6      | Noticed an oklob plant
  8603 | D:7      | Found a shadowy altar of Dithmenos.
  8634 | D:7      | Reached * piety under Sif Muna
  8634 | D:7      | Reached skill level 5 in Axes
  8687 | D:7      | Found an ornate altar of the Wu Jian Council.
  8879 | D:7      | Reached XP level 9. HP: 61/61 MP: 10/13
  9190 | D:7      | Reached skill level 5 in Armour
 10299 | D:8      | Learned a level 4 spell: Summon Ice Beast
 10330 | D:8      | Noticed a two-headed ogre
 10341 | D:8      | Reached skill level 1 in Summonings
 10343 | D:8      | Reached ** piety under Sif Muna
 10376 | D:8      | Killed a two-headed ogre
 10376 | D:8      | Reached skill level 5 in Fighting
 11048 | D:8      | Reached XP level 10. HP: 72/74 MP: 10/14
 11084 | D:8      | Found a faded altar of an unknown god.
 11084 | D:8      | Found a radiant altar of Vehumet.
 11090 | D:8      | Found a faded altar of an unknown god.
 11092 | D:8      | Found an iron altar of Okawaru.
 11094 | D:8      | Found an ancient bone altar of Kikubaaqudgha.
 11988 | D:9      | Noticed Maggie
 12322 | D:3      | Paralysed by Grinder for 2 turns
 12333 | D:3      | Paralysed by Grinder for 4 turns
 12344 | D:3      | Killed Grinder
 12741 | D:9      | Reached *** piety under Sif Muna
 12753 | D:9      | Reached skill level 5 in Summonings
 12782 | D:9      | Found a staircase to the Lair.
 12858 | Lair:1   | Entered Level 1 of the Lair of Beasts
 12858 | Lair:1   | Noticed a black mamba
 12858 | Lair:1   | Noticed a black mamba
 12865 | D:9      | Slain by a black mamba

Levels and vault maps discovered:
D:1:      dpeg_arrival_connections, layout_basic
D:2:      layout_loops_ring, lemuel_doored_altar, overflow_temple_1_default,
          bloody_trog, first_ration, grunt_decor_clamped
D:3:      layout_rooms, grunt_ministairs_7, uniq_jessica, uniq_grinder
D:4:      layout_cave_pools, grunt_temple_overflow_champion_of_chaos,
          minmay_temple_entry_from_below_a
D:5:      layout_cave_pools, good_gods_temple_1,
          nicolae_ru_the_path_less_chosen, uniq_pikel
D:6:      layout_loops_cross, tgw_fedhas
D:7:      layout_basic, grunt_dithmenos_smoke, marbit_many_paths
D:8:      layout_basic, chequers_temple_overflow_minitemple,
          nicolae_ossuary_entry_ruins
D:9:      layout_cave_pools, kennysheep_mini_moat, serial_park,
          serial_park_square2, serial_park_tiny_1, serial_park_square1
          [serial_park_minivault_5x5_5], grunt_ministairs_7, uniq_maggie
Temple:   corrupted_temple
Lair:1:   layout_cave_pods, serial_bayou_pond_e, cheibrodos_lair_reptile_den

Skill      XL: |  1  2  3  4  5  6  7  8  9 10 |
---------------+-------------------------------+-----
Fighting       | 1 2 5 |  5.6
Ice Magic      | 4 5 6 |  6.3
Maces & Flails | 1 3 |  3.5
Dodging        | 2 3 |  3.0
Axes           | 1 3 5 |  5.4
Armour         | 2 4 5 |  5.0
Summonings     | 4 5 |  5.1
Stealth        | |  1.5
Spellcasting   | |  2.6

Action                   |  1- 3 |  4- 6 |  7- 9 | 10-12 || total
-------------------------+-------+-------+-------+-------++-------
Melee: Whip              |     2 |    22 |   103 |   143 ||   270
       Club              |       |    38 |    78 |       ||   116
       War axe           |       |       |     5 |       ||     5
 Cast: Freeze            |    64 |    55 |    36 |     4 ||   159
       Frozen Ramparts   |       |     7 |    39 |     6 ||    52
       Ozocubu's Armour  |       |     3 |       |       ||     3
       Summon Ice Beast  |       |       |       |     1 ||     1
  Use: Scroll            |       |     4 |     4 |     1 ||     9
 Stab: Sleeping          |       |     2 |       |       ||     2
Armor: Robe              |    18 |    24 |       |       ||    42
       Ring mail         |       |     3 |    73 |    56 ||   132
Dodge: Dodged            |    58 |    72 |   126 |    95 ||   351

Table legend:
 A = Non-vault XP
 B = Vault XP
 C = Vault XP percentage of total XP
 D = Non-vault monster count
 E = Vault monster count
 F = Vault count percentage of total count
                 A         B        C        D         E       F
            +---------+---------+-------+---------+---------+-------
      Total |    5711 |    1108 |  16.2 |     202 |       8 |   3.8
            +---------+---------+-------+---------+---------+-------
        D:1 |      31 |       0 |   0.0 |      17 |       0 |   0.0
        D:2 |      83 |       0 |   0.0 |      23 |       0 |   0.0
        D:3 |      61 |     355 |  85.3 |      14 |       4 |  22.2
        D:4 |     159 |      48 |  23.2 |      10 |       1 |   9.1
        D:5 |     560 |     641 |  53.4 |      22 |       1 |   4.3
        D:6 |     511 |       0 |   0.0 |      16 |       0 |   0.0
        D:7 |    1505 |      22 |   1.4 |      39 |       1 |   2.5
        D:8 |    2151 |       0 |   0.0 |      39 |       0 |   0.0
        D:9 |     650 |      42 |   6.1 |      22 |       1 |   4.3
            +---------+---------+-------+---------+---------+-------
